 Seeded DCSS version 0.30.1-11-g7821555f0a (webtiles) character file.

Game seed: 5129858224507802926 (custom seed)

854 Psyclone the Destroyer (level 7, 36/36 HPs)
             Began as a Deep Elf Conjurer on Nov 8, 2023.
             Quit the game on level 4 of the Dungeon.
             The game lasted 00:03:16 (1586 turns).

Psyclone the Destroyer (Deep Elf Conjurer)          Turns: 1586, Time: 00:03:17

Health: 36/36      AC:  4    Str:  3    XL:     7   Next: 70%
Magic:  19/19      EV: 12    Int: 29    God:
Gold:   115        SH:  0    Dex: 12    Spells: 17/20 levels left

rFire   . . .        (no weapon)
rCold   . . .        (no shield)
rNeg    . . .        a - +0 robe
rPois   .            (no helmet)
rElec   .            (no cloak)
rCorr   .            (no gloves)
SInv    .            (no boots)
Will    .....        (no amulet)
Stlth   ++           (no ring)
HPRegen 1.06/turn    (no ring)
MPRegen 0.16/turn

%: clarity
@: no status effects
A: iridescent scales 1, clarity, clever 1, regeneration 1, evolution 1,
inability to read after injury 1, sturdy frame 1
a: no special abilities


You were on level 4 of the Dungeon.
You visited 1 branch of the dungeon, and saw 5 of its levels.

You collected 115 gold pieces.

Inventory:

Armour
 a - a +0 robe (worn)
Scrolls
 d - a scroll of amnesia {unknown}
 e - a scroll of magic mapping {unknown}
 f - 4 scrolls of fear {unknown}
Potions
 b - a potion of magic
 c - 2 potions of mutation
 g - 2 potions of flight {unknown}


   Skills:
 - Level 2.4 Dodging
 - Level 2.4 Stealth
 + Level 7.2 Spellcasting
 * Level 9.0 Conjurations


You had 17 spell levels left.
You knew the following spells:

 Your Spells              Type           Power      Damage    Failure   Level
a - Magic Dart            Conj           100%       1d8       1%          1
b - Searing Ray           Conj           100%       2d8       1%          2

Your spell library contained the following spells:

 Spells                   Type           Power      Damage    Failure   Level
 Dazzling Flash           Conj/Hex       72%        N/A       2%          3
 Fulminant Prism          Conj/Hex       18%        3d10      8%          4
 Iskenderun's Mystic Bla  Conj/Tloc      36%        2d9       8%          4


Dungeon Overview and Level Annotations

Branches:
Dungeon (5/15) Zot: 26651
 Temple: D:4-7

Altars:

Shops:
D:2 =![


Innate Abilities, Weirdness & Mutations

You are partially covered in iridescent scales. (AC +2)
You possess an exceptional clarity of mind.
Your mind is acute. (Int +4, Str/Dex -1)
Your natural rate of healing is unusually fast.
You have hidden genetic potential.
You occasionally lose the ability to read scrolls when taking damage.
Your movements are slightly less encumbered by armour. (ER -2)


Message History

Aim: a water moccasin (72% to hit)
The searing ray hits the water moccasin!
The water moccasin is moderately wounded. (Press . to maintain the ray.)
The water moccasin closely misses you. x2
You now have 17/19 mp.
The searing ray hits the water moccasin.
The water moccasin is heavily wounded.
The water moccasin closely misses you.
You now have 16/19 mp.
The searing ray hits the water moccasin!
The water moccasin is almost dead.
The water moccasin bites you.
You are poisoned.
The water moccasin poisons you!
You take 4 damage, and have 32/36 hp.
You now have 15/19 mp.
The searing ray hits the water moccasin.
You kill the water moccasin!
You finish channelling your searing ray.
You feel very sick.
Your Spellcasting skill increases to level 7!
Your Conjurations skill increases to level 9!
You take 2 damage, and have 30/36 hp.
You now have 14/19 mp.
Unknown command.
You start resting.
You feel sick. x7
You are no longer poisoned.
You take 2 damage, and have 28/36 hp.
You start resting.
HP restored.
Health restored: 36
There is a stone staircase leading up here.
Found the +9 staff of Olgreb {rPois∞}.
There is a stone staircase leading up here.
Magic restored.
You climb upwards.
There is a stone staircase leading down here.
MP restored: 19 Unknown command.
Unknown command.
Are you sure you want to abandon this character and quit the game? (Confirm with "yes".)

#.......÷......
#.#....))....## #
#.#........####.#. ##
###.#......).####...##..
#......#...##......##...
#.......).(# ##.......# .
#...)..#.#.###........# #
#......#!............# #
#............@#......#### ##
#......#.#.##...........#####.
#..........####......##.....#.
#..........# #...#.#####...#.
####.###.#...####...#.# #...##
#........#...##....##.##
###..)
#........#......#..##..###
####
#..................###...#####
#........#...##..†####.......#


There were no monsters in sight!

Vanquished Creatures
  Eustachio (D:4)
  A water moccasin (D:5)
  2 ogres (D:5)
  3 scorpions (D:5)
  2 orc priests
  A hound (D:5)
  An iguana (D:4)
  2 orc wizards
  4 gnolls (D:2)
  An ufetubus (D:5)
  A worm (D:2)
  A dart slug (D:2)
  9 orcs
  2 bats
  3 endoplasms
  3 goblins
  5 hobgoblins
  A quokka (D:2)
  3 ball pythons
  A frilled lizard (D:3)
  2 kobolds
  A rat (D:1)
50 creatures vanquished.

Notes
Turn   | Place    | Note
-------+----------+-------------------------------------------
     0 | D:1      | Psyclone the Deep Elf Conjurer began the quest for the Orb.
     0 | D:1      | Reached XP level 1. HP: 10/10 MP: 6/6
    80 | D:2      | Found Zutuxkoi's Jewellery Shop.
    83 | D:2      | Reached XP level 2. HP: 15/15 MP: 4/8
   100 | D:2      | Learned a level 2 spell: Searing Ray
   149 | D:2      | Gained mutation: You possess an exceptional clarity of
                  | mind. [potion of mutation]
   149 | D:2      | Gained mutation: Your movements are slightly less
                  | encumbered by armour. (ER -2) [potion of mutation]
   149 | D:2      | Gained mutation: You have hidden genetic potential. [potion
                  | of mutation]
   287 | D:2      | Found Tatheism's Distillery.
   295 | D:2      | Reached skill level 5 in Conjurations
   345 | D:2      | Found Xoolosaxt's Antique Armour Shop.
   438 | D:2      | Reached XP level 3. HP: 19/19 MP: 6/10
   451 | D:2      | Gained mutation: You are robust. (+10% HP) [hidden
                  | potential]
   621 | D:3      | Reached XP level 4. HP: 7/26 MP: 7/12
   622 | D:3      | Reached skill level 6 in Conjurations
   634 | D:3      | Gained mutation: You have great hidden genetic potential.
                  | [hidden potential]
   634 | D:3      | Lost mutation: You have great hidden genetic potential.
                  | [hidden potential expressed]
   811 | D:4      | Reached XP level 5. HP: 16/30 MP: 8/14
   813 | D:4      | Reached skill level 5 in Spellcasting
   823 | D:4      | Gained mutation: Your mind is acute. (Int +4, Str/Dex -1)
                  | [hidden potential]
   895 | D:4      | Noticed Eustachio
   910 | D:4      | Killed Eustachio
   911 | D:4      | Reached skill level 7 in Conjurations
   911 | D:4      | Reached XP level 6. HP: 33/35 MP: 5/16
   913 | D:4      | Gained mutation: Your mind is very acute. (Int +8, Str/Dex
                  | -2) [hidden potential]
   913 | D:4      | Lost mutation: You have hidden genetic potential. [hidden
                  | potential expressed]
   941 | D:4      | Lost mutation: You possess an exceptional clarity of mind.
                  | [potion of mutation]
   941 | D:4      | Lost mutation: Your mind is very acute. (Int +8, Str/Dex
                  | -2) [potion of mutation]
   941 | D:4      | Lost mutation: You are robust. (+10% HP) [potion of
                  | mutation]
   941 | D:4      | Gained mutation: You occasionally lose the ability to read
                  | scrolls when taking damage. [potion of mutation]
   941 | D:4      | Gained mutation: You are partially covered in iridescent
                  | scales. (AC +2) [potion of mutation]
   941 | D:4      | Gained mutation: You possess an exceptional clarity of
                  | mind. [potion of mutation]
   941 | D:4      | Gained mutation: You have hidden genetic potential. [potion
                  | of mutation]
  1238 | D:5      | Entered Level 5 of the Dungeon
  1255 | D:5      | Noticed a redback
  1278 | D:5      | Reached skill level 8 in Conjurations
  1278 | D:5      | Reached XP level 7. HP: 6/36 MP: 7/18
  1307 | D:5      | Gained mutation: Your natural rate of healing is unusually
                  | fast. [hidden potential]
  1558 | D:5      | Reached skill level 9 in Conjurations
  1576 | D:5      | Found the +9 staff of Olgreb {rPois∞}
  1586 | D:4      | Quit the game

Illustrated notes

Levels and vault maps discovered:
D:1:      saegor_arrival_simple_c, layout_rooms, serial_shops, shop,
          kennysheep_nondescript, minmay_misc_feat_ornament
D:2:      layout_basic, serial_shops, nicolae_shop_tiny_statue_garden,
          nicolae_shop_scrapyard, shop, shop
D:3:      layout_loops_ring
D:4:      layout_rooms, elyvilon_altar_1, minmay_temple_entry_trees,
          uniq_eustachio
D:5:      minmay_chambers_of_threes, layout_loops_ring,
          mainiacjoe_overflow_small_starburst,
          minmay_guarded_unrand_staff_of_olgreb

Skill      XL: |  1  2  3  4  5  6  7 |
---------------+----------------------+-----
Conjurations   | 5 6 7 8 9 |  9.0
Spellcasting   | 4 5 6 7 |  7.2
Dodging        | |  2.4
Stealth        | |  2.4

Action                     |  1- 3 |  4- 6 |  7- 9 || total
---------------------------+-------+-------+-------++-------
  Melee: Unarmed           |       |     4 |     3 ||     7
   Cast: Magic Dart        |    16 |    11 |       ||    27
         Searing Ray       |     9 |    12 |     5 ||    26
    Use: Potion            |     1 |     1 |       ||     2
 Armour: Robe              |       |     1 |     3 ||     4
  Dodge: Dodged            |     1 |     9 |    19 ||    29
